 Dungeon Crawl Stone Soup version 0.31-a0-1547-g618ab1f346 (webtiles) character file.

Game seed: 11906664323357525509

210 Flugslaktarn the Apothecary (level 5, -6/31 HPs)
             Began as an Octopode Alchemist on Jan 3, 2024.
             Mangled by Edmund
             ... wielding a +0 dire flail of holy wrath
              (13 damage)
             ... on level 4 of the Dungeon.
             The game lasted 00:03:00 (1594 turns).

Flugslaktarn the Apothecary (Octopode Alchemist)    Turns: 1594, Time: 00:03:00

Health: -6/31      AC:  1    Str:  8    XL:     5   Next: 88%
Magic:  0/10       EV: 13    Int: 19    God:
Gold:   80         SH:  0    Dex: 12    Spells: 6/11 levels left

rFire   . . .        d - +0 arbalest
rCold   . . .        (shield currently unavailable)
rNeg    . . .        (helmet restricted)
rPois   .            j - amulet of regeneration
rElec   .            (no ring)
rCorr   .            (no ring)
SInv    .            (no ring)
Will    .....        (no ring)
Stlth   +++          (no ring)
HPRegen 1.05/turn    (no ring)
MPRegen 0.12/turn    (no ring)
                     (no ring)

%: no passive effects
@: no status effects
A: almost no armour, amphibious, 8 rings, camouflage 1, gelatinous body 1,
(nimble swimmer 1), tentacles
a: no special abilities


You were on level 4 of the Dungeon.
You visited 1 branch of the dungeon, and saw 4 of its levels.

You collected 80 gold pieces.

Inventory:

Hand Weapons
 b - a +0 spear
   (You found it on level 1 of the Dungeon)
 d - a +0 arbalest (weapon)
   (You found it on level 2 of the Dungeon)
Jewellery
 j - an amulet of regeneration (around mantle)
   (You found it on level 2 of the Dungeon)
Scrolls
 c - 2 scrolls of poison
 e - a scroll of immolation
 g - 2 scrolls of vulnerability
 i - a scroll of revelation {unknown}
 k - a scroll of fog {unknown}
Potions
 a - 3 potions of magic
 f - a potion of mutation {unknown}
 h - a potion of cancellation
 l - a potion of attraction
 m - a potion of enlightenment
 n - a potion of haste {unknown}


   Skills:
 - Level 2.0 Dodging
 - Level 2.6 Stealth
 + Level 3.5 Spellcasting
 - Level 1.0 Conjurations
 * Level 6.0 Alchemy


You had 6 spell levels left.
You knew the following spells:

 Your Spells              Type           Power      Damage    Failure   Level
a - Sting                 Conj/Alch      64%        1d7       3%          1
b - Olgreb's Toxic Radia  Alch           26%        N/A       12%         4

Your spell library contained the following spells:

 Spells                   Type           Power      Damage    Failure   Level
 Mercury Vapours          Alch/Air       28%        N/A       6%          2
 Mephitic Cloud           Conj/Alch/Air  12%        N/A       17%         3
 Dazzling Flash           Conj/Hex       10%        N/A       34%         3
 Sticky Flame             Fire/Alch      14%        2d5       38%         4
 Volatile Blastmotes      Fire/Tloc      6%         2d10      41%         3
 Starburst                Conj/Fire      2%         6d3       100%        6
 Maxwell's Capacitive Co  Air            1%         ∞         100%        8


Dungeon Overview and Level Annotations

Branches:
Dungeon (4/15)
 Temple: D:4-7

Altars:

Annotations:
D:4 Edmund


Innate Abilities, Weirdness & Mutations

You cannot wear most types of armour.
You are amphibious.
You can wear up to eight rings at the same time.
Your skin changes colour to match your surroundings (Stealth+).
Your rubbery body absorbs attacks. (AC +1, EV +1)
((You are camouflaged when in or above water. (Stealth+)))
You have tentacles for arms and can constrict up to eight enemies at once.


Message History

No target in view!
Edmund the Younger comes into view.
He is wielding a +0 dire flail of holy wrath.
Edmund moves out of view.
Unknown command.
A hobgoblin and a scorpion come into view.
You shoot a bolt. The bolt closely misses the scorpion.
Casting: Sting (safe; 3% risk of failure)
Confirm with . or Enter, or press ? or * to list all spells.
Aiming: Sting (safe; 3% risk of failure)
Press: ? - help, Shift-Dir - straight line, f/p - scorpion
Aim: a scorpion (74% to hit)
The sting misses the scorpion.
Casting: Sting (safe; 3% risk of failure)
Confirm with . or Enter, or press ? or * to list all spells.
Aiming: Sting (safe; 3% risk of failure)
Press: ? - help, Shift-Dir - straight line, f/p - scorpion
Aim: a scorpion (74% to hit)
The sting hits the scorpion.
The scorpion is poisoned.
The scorpion is lightly wounded.
Casting: Sting (safe; 3% risk of failure)
Confirm with . or Enter, or press ? or * to list all spells.
Aiming: Sting (safe; 3% risk of failure)
Press: ? - help, Shift-Dir - straight line, f/p - scorpion
Aim: a scorpion (moderately wounded, poisoned, 74% to hit)
The sting hits the scorpion.
The scorpion looks even sicker.
The scorpion is heavily wounded.
The scorpion completely misses you.
You shoot a bolt. The bolt hits the scorpion!
You kill the scorpion!
Your Alchemy skill increases to level 6!
The hobgoblin attacks as it pursues you!
The hobgoblin misses you.
You shoot a bolt. The bolt barely misses the hobgoblin.
The hobgoblin hits you.
The hobgoblin hits you but does no damage.
You shoot a bolt. The bolt hits the hobgoblin!
You kill the hobgoblin!
Edmund and an endoplasm come into view.
Edmund is wielding a +0 dire flail of holy wrath.
Unknown command.
There is an open door, spattered with blood here.
You shoot a bolt.
Edmund shouts!
The endoplasm quivers.
The bolt hits the endoplasm.
You kill the endoplasm!
You hear a shout!
Edmund clears his throat.
You see here a jackal corpse.
Casting: Sting (safe; 3% risk of failure)
Confirm with . or Enter, or press ? or * to list all spells.
You begin to radiate toxic energy.
Edmund is poisoned.
Unknown command.
Edmund looks even sicker.
Your toxic aura wanes.
You see here 5 poisoned darts.
There is an open door here.
Casting: Olgreb's Toxic Radiance (extremely dangerous; 12% risk of failure)
Confirm with . or Enter, or press ? or * to list all spells.
Aiming: Sting (safe; 3% risk of failure)
Press: ? - help, Shift-Dir - straight line, f - Edmund
Aim: Edmund, wielding a +0 dire flail of holy wrath and wearing a +0 ring mail (moderately wounded, very poisoned, 77% to hit)
The sting hits Edmund but does no damage.
Edmund looks even sicker.
Edmund is moderately wounded.
Casting: Sting (safe; 3% risk of failure)
Confirm with . or Enter, or press ? or * to list all spells.
Aiming: Sting (safe; 3% risk of failure)
Press: ? - help, Shift-Dir - straight line, f/p - Edmund
Aim: Edmund, wielding a +0 dire flail of holy wrath and wearing a +0 ring mail (moderately wounded, very poisoned, 77% to hit)
The sting hits Edmund.
Edmund looks as sick as possible!
Edmund is moderately wounded.
There is a stone staircase leading up here.
You shoot a bolt. The bolt closely misses Edmund.
Edmund closely misses you.
You shoot a bolt. The bolt hits Edmund.
Edmund is severely wounded.
Edmund hits you with a +0 dire flail of holy wrath!
Ouch! That really hurt!
Edmund hits you with a +0 dire flail of holy wrath!
* * * LOW HITPOINT WARNING * * *
You aren't carrying any items that you can evoke.
Unknown command.
Okay, then.
Casting: Sting (safe; 3% risk of failure)
Confirm with . or Enter, or press ? or * to list all spells.
Aiming: Sting (safe; 3% risk of failure)
Press: ? - help, Shift-Dir - straight line, f/p - Edmund
Aim: Edmund, wielding a +0 dire flail of holy wrath and wearing a +0 ring mail (severely wounded, very poisoned, 77% to hit)
The sting hits Edmund.
Edmund looks even sicker.
Edmund is almost dead.
Edmund hits you with a +0 dire flail of holy wrath.
* * * LOW HITPOINT WARNING * * *
Fire: d) +0 arbalest
Press: ? - help, Q - select action, (/) - cycle Shift-Dir - straight line, f/p - Edmund
Aim: Edmund, wielding a +0 dire flail of holy wrath and wearing a +0 ring mail (almost dead, very poisoned, 52% to hit)
You shoot a bolt.
The bolt hits Edmund but does no damage.
Edmund is almost dead.
Edmund hits you with a +0 dire flail of holy wrath!
You die...
Edmund whines, "They better pay attention to me now!"

##### ### #...#
#@# #...#
#@##########...#
#.##..^....#(..###
#.##.......#...#..
#..'(....†.'...#..
####.......#...#..
#########..@...
###.... #...#


You could see Edmund (very poisoned).

Vanquished Creatures
  A scorpion (D:4)
  A bombardier beetle (D:3)
  A sleepcap (D:3)
  An adder (D:3)
  2 dart slugs (D:1)
  A ribbon worm (D:2)
  An orc (D:3)
  3 ball pythons
  4 bats
  5 endoplasms
  8 goblins
  8 hobgoblins
  5 jackals
  4 quokkas
  3 frilled lizards
  10 kobolds
  4 rats
62 creatures vanquished.

Notes
Turn   | Place    | Note
-------+----------+-------------------------------------------
     0 | D:1      | Flugslaktarn the Octopode Alchemist began the quest for the
                  | Orb.
     0 | D:1      | Reached XP level 1. HP: 11/11 MP: 3/3
   114 | D:1      | Reached XP level 2. HP: 10/17 MP: 0/5
   231 | D:1      | Reached skill level 4 in Alchemy
   268 | D:1      | Reached XP level 3. HP: 15/21 MP: 2/6
   997 | D:3      | Reached XP level 4. HP: 17/27 MP: 3/8
  1104 | D:3      | Learned a level 4 spell: Olgreb's Toxic Radiance
  1245 | D:3      | Reached skill level 5 in Alchemy
  1351 | D:3      | Reached XP level 5. HP: 31/31 MP: 7/9
  1558 | D:4      | Noticed Edmund
  1566 | D:4      | Reached skill level 6 in Alchemy
  1594 | D:4      | Mangled by Edmund

Illustrated notes

Levels and vault maps discovered:
D:1:      dpeg_arrival_rhombi, layout_basic, serial_forest,
          infiniplex_forest_clump_curved, infiniplex_forest_end_2,
          infiniplex_forest_straight_3, infiniplex_forest_straight_2,
          infiniplex_forest_straight_1, infiniplex_forest_zigzag_1,
          infiniplex_forest_side_room, infiniplex_forest_clump_long,
          minmay_misc_feat_tower
D:2:      layout_basic, dilly_ecumenical_altar_fadedgnrine, serial_forest,
          infiniplex_forest_straight_4, infiniplex_forest_3_way,
          infiniplex_forest_fountain, infiniplex_forest_straight_4,
          infiniplex_forest_lined_room_3
D:3:      layout_loops_corners, minmay_strange_pillars, nrook_mini_vaults
D:4:      kennysheep_the_goblin_king, layout_basic, kennysheep_mini_moat,
          serial_bayou_pond_b, uniq_natasha, uniq_robin, uniq_edmund

Skill      XL: |  1  2  3  4  5 |
---------------+----------------+-----
Alchemy        | 4 5 6 |  6.0
Spellcasting   | 3 |  3.5
Dodging        | |  2.0
Stealth        | |  2.6
Conjurations   | |  1.0

Action                     |  1- 3 |  4- 6 || total
---------------------------+-------+-------++-------
  Melee: Spear             |    37 |       ||    37
         Constrict         |    10 |       ||    10
         Tentacles         |     8 |       ||     8
   Fire: Arbalest          |    26 |    59 ||    85
   Cast: Sting             |    31 |    19 ||    50
         Olgreb's Toxic Ra |       |     1 ||     1
    Use: Scroll            |     6 |       ||     6
   Stab: Sleeping          |     2 |       ||     2
 Armour: Skin              |    27 |    33 ||    60
  Dodge: Dodged            |    40 |    38 ||    78

Table legend: (Time is in decaauts)
 A = Elapsed time spent in this place.
 B = Non-inter-level travel time spent in this place.
 C = Inter-level travel time spent in this place.
 D = Time resting spent in this place.
 E = Time spent auto-exploring this place.
 F = Levels seen in this place.
 G = Mean time per level.
                   A        B        C        D        E       F      G
               +--------+--------+--------+--------+--------+-----+--------+
         Total |   1671 |   1582 |     89 |      0 |   1047 |   4 |  417.8 |
       Dungeon |   1671 |   1582 |     89 |      0 |   1047 |   4 |  417.8 |
               +--------+--------+--------+--------+--------+-----+--------+

Top non-repeatable levels by time:
     D:3: 599 daAuts
     D:1: 511 daAuts
     D:2: 469 daAuts
     D:4: 92 daAuts
